AoeStats
← Blazing Cartesia, The Virtuous

Arabia

506576820Analyzed
1v1 RM · 18d ago on Sep 14, 2026· 55m 22s· 2 players
Game mode
Random Map
Map size
Tiny (2 player)
Population
200
Speed
Normal
Resources
Standard
Victory
Conquest
Starting age
Dark Age
Ending age
Imperial Age
RankedLock teamsTeams togetherTeam positionsShared explorationLock speedFull tech treeHidden civsTurbo modeCheats
Victory
Defeat
1127
+16
🇦🇷 Wei · Argentina
1123
-16
Caraxes the Blood Wyrm
6:44 Loom
9:11 Feudal Age
10:24 Double-Bit Axe
12:43 Horse Collar
15:34 Fletching
16:23 Padded Archer Armor
22:30 Castle Age
23:20 Bow Saw
23:07 Bodkin Arrow
26:52 Leather Archer Armor
29:20 Bloodlines
29:11 Husbandry
29:57 Wheelbarrow
30:02 Town Watch
30:28 Stone Mining
30:32 Gold Mining
30:58 Scale Barding Armor
31:09 Thumb Ring
31:24 Heavy Plow
31:25 Town Watch
32:27 Chain Barding Armor
32:25 Forging
38:49 Imperial Age
37:54 Tuntian
38:36 Hand Cart
39:37 Bracer
40:16 Masonry
41:11 Chemistry
41:26 Elite Tiger Cavalry
44:40 Chain Barding Armor
45:36 Ring Archer Armor
49:17 Ming Guang Armor
49:15 Elite Skirmisher
53:25 Light Cavalry
Blazing Cartesia, The Virtuous
6:57 Loom
9:18 Feudal Age
9:45 Double-Bit Axe
16:53 Fletching
18:52 Wheelbarrow
21:35 Castle Age
19:30 Champi Runner
22:10 Bodkin Arrow
21:36 Crossbowman
22:06 Champi Warrior
23:12 Scale Mail Armor
25:21 Squires
27:19 Forging
28:35 Elite Skirmisher
31:06 Horse Collar
35:23 Ballistics
37:34 Bow Saw
37:32 Heavy Plow
37:43 Padded Archer Armor
38:14 Gold Mining
40:12 Hand Cart
42:44 Imperial Age
41:00 Stone Mining
42:01 Gold Shaft Mining
42:53 Arbalester
44:10 Conscription
44:12 Bracer
45:11 Elite Kamayuk
46:16 Murder Holes
46:32 Masonry
47:36 Fabric Shields
49:05 Chemistry
48:24 Thumb Ring
48:56 Siege Engineers
52:17 Crop Rotation
53:05 Pikeman
53:05 Elite Champi Warrior
55:56 Iron Casting
55:36 Chain Mail Armor
55:10 Arson
Connection lost

Rejoining the realm…

Still unreachable

The connection could not be restored.

Session expired

The server has moved on; the page needs a fresh start.